 Dungeon Crawl Stone Soup version 0.26-a0-863-g3bff4b215c (webtiles) character file.

Game seed: 379009771587786718

169 Sun the Skirmisher (level 5, 0/46 HPs)
             Began as a Demigod Fighter on Nov 25, 2020.
             Slain by Grinder (5 damage)
             ... while paralysed by Grinder
             ... on level 3 of the Dungeon.
             The game lasted 00:02:12 (1680 turns).

Sun the Skirmisher (Demigod Fighter)                Turns: 1680, Time: 00:02:12

Health: 0/46       AC:  8    Str: 21    XL:     5   Next: 4%
Magic:  7/7        EV:  2    Int: 12    God:
Gold:   151        SH:  0    Dex: 15    Spells: 4/4 levels left

rFire    + . .     SeeInvis .   j - +2 whip (venom)
rCold    . . .     Faith    .   (no shield)
rNeg     . . .     Spirit   .   b - +0 scale mail
rPois    .         Reflect  .   (no helmet)
rElec    .         Harm     .   (no cloak)
rCorr    +         Rampage  .   t - +0 pair of gloves
MR       .....                  (no boots)
Stlth    ..........             (no amulet)
HPRegen  0.15/turn              u - ring of resist corrosion
MPRegen  0.10/turn              v - ring of protection from fire

@: paralysed, mighty
A: high mp 1
a: no special abilities


You were on level 3 of the Dungeon.
You visited 1 branch of the dungeon, and saw 3 of its levels.

You collected 151 gold pieces.

Inventory:

Hand Weapons
 a - a +0 flail
 j - a +2 whip of venom (weapon)
Armour
 b - a +0 scale mail (worn)
 c - a +0 kite shield
 t - a +0 pair of gloves (worn)
Magical Staves
 o - an uncursed staff of air
Jewellery
 u - a ring of resist corrosion (left hand)
 v - a ring of protection from fire (right hand)
Scrolls
 e - 4 scrolls of blinking {unknown}
 f - 2 scrolls of random uselessness {unknown}
 h - a scroll of remove curse {unknown}
 i - 3 scrolls of teleportation {unknown}
 k - 2 scrolls of immolation {unknown}
 l - 3 scrolls of magic mapping {unknown}
 s - a scroll of identify {unknown}
Potions
 g - 2 potions of curing {unknown}
 m - 2 potions of berserk rage {unknown}
 n - 2 potions of mutation {unknown}
 q - a potion of haste {unknown}
 r - 2 potions of heal wounds {unknown}


   Skills:
 + Level 3.8 Fighting
 * Level 3.2 Maces & Flails
 + Level 3.7 Armour
 - Level 2.6 Shields


You had 4 spell levels left.
You didn't know any spells.
Your spell library contained the following spells:

 Spells                   Type           Power        Failure   Level
 Confusing Touch          Hex            #.......     95%         3
 Gell's Gravitas          Tloc           #.........   95%         3
 Petrify                  Tmut/Erth      #.......     100%        4
 Metabolic Englaciation   Hex/Ice        #.........   100%        5
 Yara's Violent Unravell  Hex/Tmut       #.........   100%        5


Dungeon Overview and Level Annotations

Branches:
Dungeon (3/15)

Annotations:
D:3 Grinder


Innate Abilities, Weirdness & Mutations

You have an increased reservoir of magic. (+10% MP)


Message History

You have reached level 5!
You aren't carrying any items that you can evoke.
Unknown command.
u - a ring of resist corrosion (left hand)
v - a ring of protection from fire (right hand)
You see here a worm corpse.
Throwing (i - inventory)
p - a throwing net (quivered)
Press: ? - help, Shift-Dir - straight line, f - Grinder
Aim: Grinder You throw a throwing net.
The throwing net barely misses Grinder.
You feel sick.
You are no longer poisoned.
Grinder gestures at you.
You suddenly lose the ability to move!
Grinder hits you.
* * * LOW HITPOINT WARNING * * *
Grinder hits you.
* * * LOW HITPOINT WARNING * * *
You writhe in agony.
You die...

... ..) .... ..... ###
....!###.. ..[....#
#+##§...#
#####.#..#.############.#
...<.....#.....5@.......#
....#.......#############
###.#..............# #
#.#.......######## #
#.#...†...#### #
#.#..........#
#.#..........#
#.####.......# ###.#
#########


You could see Grinder.

Vanquished Creatures
  An orc priest (D:2)
  An orc wizard (D:2)
  4 adders
  3 oozes
  3 worms
  2 dart slugs
  A leopard gecko (D:1)
  3 orcs
  9 bats
  4 giant cockroaches
  2 goblins (D:2)
  4 hobgoblins
  A ball python (D:1)
  6 frilled lizards
  3 kobolds (D:1)
  3 rats
50 creatures vanquished.

Notes
Turn   | Place    | Note
-------+----------+-------------------------------------------
     0 | D:1      | Sun the Demigod Fighter began the quest for the Orb.
     0 | D:1      | Reached XP level 1. HP: 18/18 MP: 3/3
    63 | D:1      | Reached XP level 2. HP: 16/25 MP: 4/4
   852 | D:1      | Reached XP level 3. HP: 31/31 MP: 5/5
  1355 | D:2      | Reached XP level 4. HP: 37/38 MP: 6/6
  1646 | D:3      | Noticed Grinder
  1675 | D:3      | Reached XP level 5. HP: 10/46 MP: 7/7
  1678 | D:3      | Paralysed by Grinder for 5 turns
  1680 | D:3      | Slain by Grinder

Illustrated notes

Levels and vault maps discovered:
D:1:      dpeg_arrival_tiny_b, layout_loops_ring
D:2:      layout_rooms, minmay_misc_feat_doors
D:3:      layout_basic, minmay_misc_feat_encased, st_stairs_12, uniq_grinder

Skill      XL: |  1  2  3  4 |
---------------+-------------+-----
Maces & Flails | 2 3 |  3.2
Fighting       | 3 |  3.8
Armour         | 3 |  3.7
Shields        | |  2.6

Action                   |  1- 3 |  4- 6 || total
-------------------------+-------+-------++-------
Melee: Flail             |    40 |       ||    40
       Whip              |    62 |    42 ||   104
Throw: Throwing net      |       |     1 ||     1
  Use: Potion            |       |     1 ||     1
Armor: Scale mail        |    55 |    15 ||    70
Dodge: Dodged            |    63 |    20 ||    83

Table legend: (Time is in decaauts)
 A = Elapsed time spent in this place.
 B = Non-inter-level travel time spent in this place.
 C = Inter-level travel time spent in this place.
 D = Time resting spent in this place.
 E = Time spent auto-exploring this place.
 F = Levels seen in this place.
 G = Mean time per level.
                   A        B        C        D        E       F      G
               +--------+--------+--------+--------+--------+-----+--------+
         Total |   1702 |   1668 |     34 |      0 |   1339 |   3 |  567.3 |
       Dungeon |   1702 |   1668 |     34 |      0 |   1339 |   3 |  567.3 |
               +--------+--------+--------+--------+--------+-----+--------+

Top non-repeatable levels by time:
     D:1: 867 daAuts
     D:2: 697 daAuts
     D:3: 137 daAuts
